 Dungeon Sprint DCSS version 0.23.1 (webtiles) character file.

Game seed: 10829751205607148853

7 nuthulu the Shield-Bearer (level 1, -2/20 HPs)
             Began as a Minotaur Fighter on Mar 5, 2019.
             Was a Follower of Qazlal.
             Slain by a river rat (8 damage)
             ... in the Dungeon (Sprint VII: "The Pits").
             The game lasted 00:00:29 (171 turns).

nuthulu the Shield-Bearer (Minotaur Fighter)         Turns: 171, Time: 00:00:30

Health: -2/20      AC:  7    Str: 20    XL:     1   Next: 83%
Magic:  0/0        EV:  7    Int:  5    God:    Qazlal [*.....]
Gold:   0          SH: 11    Dex:  9    Spells: 0/0 levels left

rFire    . . .     SeeInvis .   a - +0 war axe
rCold    . . .     Gourm    .   c - +0 shield
rNeg     . . .     Faith    .   b - +0 scale mail
rPois    .         Spirit   .   (helmet restricted)
rElec    .         Reflect  .   (no cloak)
rCorr    .         Harm     .   (no gloves)
MR       .....     NoTele   +   (no boots)
Stlth    ..........             (no amulet)
HPRegen  0.06/turn              (no ring)
MPRegen  0.07/turn              (no ring)

@: no status effects
A: retaliatory headbutt, horns 2
a: Renounce Religion


You were in the Dungeon.
You worshipped Qazlal.
Qazlal was aware of your devotion.
You were not hungry.

You visited 1 branch

Inventory:

Hand Weapons
 a - a +0 war axe (weapon)
Armour
 b - a +0 scale mail (worn)
 c - a +0 shield (worn)
Scrolls
 k - a scroll of blinking
 n - 3 scrolls of remove curse
 o - 5 scrolls of amnesia
 p - a scroll of summoning
Potions
 d - a potion of might
 e - a potion of curing
 g - a potion of heal wounds
 h - a potion of haste
 i - 4 potions of magic
 j - 3 potions of berserk rage
 m - 2 potions of invisibility
Comestibles
 f - 9 rations
 l - 4 chunks of flesh


   Skills:
 + Level 4.2 Fighting
 + Level 3.2 Axes
 + Level 4.2 Armour
 + Level 4.2 Shields
 + Level 0.8 Invocations


You couldn't memorise any spells.
You didn't know any spells.
Your spell library was empty.

Dungeon Overview and Level Annotations

Branches:
Dungeon (1/1)

Altars:
Ashenzari
Cheibriados
Dithmenos
Elyvilon
Fedhas
Gozag
Hepliaklqana
Kikubaaqudgha
Makhleb
Nemelex Xobeh
Okawaru
Qazlal
Ru
Sif Muna
Trog
Uskayaw
Vehumet
Wu Jian
Xom
Yredelemnul
Zin
The Shining One
Beogh
Jiyva
Lugonu


Innate Abilities, Weirdness & Mutations

You reflexively headbutt those who attack you in melee.
You have a pair of horns on your head.


Message History

The river rat bites you. The gnoll hits you but does no damage.
Unknown command.
You hit the floating eye.
The floating eye is moderately wounded.
You barely miss the river rat. You closely miss the ufetubus.
You block the ufetubus's attack.
The ufetubus hits you but does no damage.
The floating eye gazes piercingly through you!
You shrug off the repeated paralysis!
The ufetubus hits you.
* * * LOW HITPOINT WARNING * * *
You block the ufetubus's attack. The river rat barely misses you.
The gnoll closely misses you.
Unknown command.
You slash the floating eye!
The floating eye is almost dead.
Your shield prevents you from hitting the river rat.
You closely miss the ufetubus.
The ufetubus hits you but does no damage.
The ufetubus barely misses you. The river rat bites you!
You die...

#.?(.')))'.##......#..#
##########.##..........
#..........)'...........
+#####÷#####......#..#.
#..÷..##...........
#####'#####'#####+
#....)##.......#
#.....##.......#
###@####.......#
#.r5Gg##...<...#
........##.......#
#........##.......#
###########.......#
#########


You could see a floating eye, a gnoll, a river rat and an ufetubus.

Vanquished Creatures
  A leopard gecko (D)
  An orc (D)
  A bat (D)
  A kobold (D)
  A rat (D)
5 creatures vanquished.

Notes
Turn   | Place    | Note
-------+----------+-------------------------------------------
     0 | D        | nuthulu the Minotaur Fighter began the quest for the Orb.
     0 | D        | Reached XP level 1. HP: 19/19 MP: 0/0
   127 | D        | Found a glowing golden altar of the Shining One.
   127 | D        | Found a glowing silver altar of Zin.
   127 | D        | Found a basalt altar of Yredelemnul.
   127 | D        | Found a shimmering altar of Xom.
   127 | D        | Found an ornate altar of the Wu Jian Council.
   127 | D        | Found a bloodstained altar of Trog.
   127 | D        | Found a deep blue altar of Sif Muna.
   127 | D        | Found a sacrificial altar of Ru.
   127 | D        | Found a stormy altar of Qazlal.
   127 | D        | Found an iron altar of Okawaru.
   127 | D        | Found a sparkling altar of Nemelex Xobeh.
   127 | D        | Found a burning altar of Makhleb.
   127 | D        | Found a viscous altar of Jiyva.
   127 | D        | Found a hazy altar of Hepliaklqana.
   127 | D        | Found an opulent altar of Gozag.
   127 | D        | Found a blossoming altar of Fedhas.
   127 | D        | Found a white marble altar of Elyvilon.
   127 | D        | Found a shadowy altar of Dithmenos.
   127 | D        | Found a snail-covered altar of Cheibriados.
   128 | D        | Found a radiant altar of Vehumet.
   128 | D        | Found a corrupted altar of Lugonu.
   128 | D        | Found a roughly hewn altar of Beogh.
   129 | D        | Found a hide-covered altar of Uskayaw.
   129 | D        | Found an ancient bone altar of Kikubaaqudgha.
   129 | D        | Found a shattered altar of Ashenzari.
   132 | D        | Became a worshipper of Qazlal Stormbringer
   160 | D        | Reached * piety under Qazlal
   165 | D        | Noticed a floating eye
   166 | D        | Paralysed by a floating eye for 3 turns
   171 | D        | Slain by a river rat

Skill      XL: |  1 |
---------------+----+-----
Fighting       | 4 |  4.2
Axes           | 3 |  3.2
Armour         | 4 |  4.2
Shields        | 4 |  4.2
Invocations    | |  0.8

Action                   || total
-------------------------++-------
Melee: War axe           ||    14
       Headbutt          ||     1
Armor: Scale mail        ||    21
Dodge: Dodged            ||     9
Block: Shield            ||    10
